 Dungeon Crawl Stone Soup version 0.30-a0-862-g1aabd4f9c5 (webtiles) character file.

Game seed: 12394538335797889033

4804 Esekla the Covert (level 10, -1/69 HPs)
             Began as an Octopode Delver on Mar 10, 2023.
             Was an Initiate of Gozag.
             Slain by a fire bat (4 damage)
             ... on level 9 of the Dungeon.
             The game lasted 00:52:30 (9801 turns).

Esekla the Covert (Octopode Delver)                 Turns: 9801, Time: 00:52:31

Health: -1/69      AC:  1    Str: 18    XL:     10   Next: 48%
Magic:  18/19      EV: 16    Int: 23    God:    Gozag
Gold:   1455       SH:  0    Dex: 19    Spells: 18/21 levels left

rFire   + . .      SeeInvis .    a - +0 long sword
rCold   x . .      Faith    .    (no shield)
rNeg    . . .      Spirit   .    (helmet restricted)
rPois   .          Reflect  .    (no amulet)
rElec   .          Rampage  .    l - ring of the Sunfish {Will- Str+6 Int+6 Dex+6}
rCorr   .                        C - ring of fire
Will    .....                    (no ring)
Stlth   +++++                    (no ring)
HPRegen 0.31/turn                (no ring)
MPRegen 0.16/turn                (no ring)
                                 (no ring)
                                 (no ring)

@: about to teleport, gold aura
A: almost no armour, amphibious, 8 rings, camouflage 1, gelatinous body 1,
(nimble swimmer 1), tentacles
a: Renounce Religion, Potion Petition, Call Merchant, Bribe Branch


You were on level 9 of the Dungeon.
You worshipped Gozag.
Gozag was most pleased with you.
You visited 1 branch of the dungeon, and saw 9 of its levels.
You also visited: Bailey.

You collected 2089 gold pieces.
You spent 55 gold pieces at shops.
You paid 579 gold pieces to Gozag.

Inventory:

Hand Weapons
 a - a +0 long sword (weapon)
 m - a +6 spear
 r - a +0 trident
 s - a +3 dagger
Missiles
 h - 6 boomerangs
 y - 9 curare-tipped darts
 B - 51 poisoned darts (quivered)
Magical Staves
 d - a staff of death
Jewellery
 l - the ring of the Sunfish (left tentacle) {Will- Str+6 Int+6 Dex+6}
   (You found it on level 4 of the Dungeon)

   [ring of strength]

   Str:       It affects your strength (+6).
   Int:       It affects your intelligence (+6).
   Dex:       It affects your dexterity (+6).
   Will:      It decreases your willpower.
 C - a ring of fire (right tentacle)
Wands
 c - a wand of acid (11)
 f - a wand of digging (3)
 k - a wand of mindburst (9)
 w - a wand of iceblast (7)
Scrolls
 b - 3 scrolls of fog
 e - a scroll of summoning {unknown}
 g - a scroll of magic mapping
 i - a scroll of blinking {unknown}
 q - a scroll of torment {unknown}
 t - a scroll of enchant weapon
 u - 2 scrolls of poison
 E - a scroll of teleportation
Potions
 j - a potion of brilliance {unknown}
 n - a potion of flight {unknown}
 o - a potion of berserk rage {unknown}
 p - 2 potions of might
 z - a potion of invisibility
 A - a potion of lignification {unknown}
 D - 5 potions of attraction


   Skills:
 * Level 6.3 Fighting
 + Level 2.3(5.7) Short Blades
 * Level 8.2(8.4) Long Blades
 + Level 1.5 Throwing
 * Level 5.9 Dodging
 - Level 9.2 Stealth
 * Level 6.0 Spellcasting
 * Level 4.8 Necromancy


You had 18 spell levels left.
You knew the following spells:

 Your Spells              Type           Power      Damage    Failure   Level
d - Vampiric Draining     Necr           29%        2d8       3%          3

Your spell library contained the following spells:

 Spells                   Type           Power      Damage    Failure   Level
 Necrotise                Necr           100%       1d9       1%          1
 Agony                    Necr           29%        N/A       32%         5


Dungeon Overview and Level Annotations

Branches:
Dungeon (9/15)             Temple (0/1) D:4          Bailey (visited)
   Lair: D:8-11         Orc: D:9-12

Altars:
Gozag
Hepliaklqana
Kikubaaqudgha
Qazlal
Vehumet

Shops:
D:6 *

Annotations:
D:5 Edmund
D:6 3 runed translucent doors, qeuew's ghost, novice MfGl
D:9 Amaemon


Innate Abilities, Weirdness & Mutations

You cannot wear most types of armour.
You are amphibious.
You can wear up to eight rings at the same time.
Your skin changes colour to match your surroundings (Stealth+).
Your rubbery body absorbs attacks. (AC +1, EV +1)
((You are camouflaged when in or above water. (Stealth+)))
You have tentacles for arms and can constrict up to eight enemies at once.


Message History

2 lava snakes, 2 fire vortices and 3 fire bats come into view.
The lava snake hisses angrily.
There is an open door here.
The fire bat bites you.
You are engulfed in flames!
The fire bat bites you.
You are engulfed in flames!
There is an open door here.
The lava snake hisses angrily.
The hell hound barks!
You slash the fire bat! You grab the fire bat.
The fire bat is moderately wounded.
You constrict the fire bat. The fire bat bites you.
You are engulfed in flames.
The fire bat struggles to escape constriction.
Okay, then.
You feel more attuned to fire.
C - a ring of fire (right tentacle)
You constrict the fire bat. The fire bat bites you.
You are engulfed in flames.
You resist.
You hit the fire bat.
The fire bat is severely wounded.
You constrict the fire bat. The fire bat barely misses you.
The fire bat bites you.
* * * LOW HITPOINT WARNING * * *
You are engulfed in flames.
You resist.
* * * LOW HITPOINT WARNING * * *
Okay, then.
Okay, then.
As you read the scroll of teleportation, it crumbles to dust.
You feel strangely unstable.
You constrict the fire bat.
You kill the fire bat!
The fire bat is distracted by your dazzling golden aura. x2
The fire bat bites you.
* * * LOW HITPOINT WARNING * * *
You are engulfed in flames.
You resist.
* * * LOW HITPOINT WARNING * * *
The fire bat misses you.
Your Spellcasting skill increases to level 6!
The fire bat bites you.
* * * LOW HITPOINT WARNING * * *
You are engulfed in flames.
You resist.
You die...
Your body crumbles into a pile of gold.

#......#..............#....
##########............###
#.S##.v≈####........##
S)#..≈.# #.########
##.§vv.# ##.#
##..h≈≈.###..#
#.§§≈≈≈.##..##
#.≈≈≈≈b§#..## #≈....b$#@##
########b.# ####


You could see a fire bat.

Vanquished Creatures
  A kobold demonologist (D:9)
  Eustachio (D:4)
  A yak (D:9)
  A fire bat (D:9)
  A steam dragon (D:8)
  2 water moccasins
  8 orc warriors
  A sky beast (D:6)
  A black bear (D:9)
  An ogre (D:7)
  8 kobold brigands
  7 bullfrogs
  3 scorpions
  A gnoll sergeant (D:8)
  9 wights
  6 killer bees (D:7)
  5 howler monkeys
  3 jellies
  2 orc priests (D:5)
  3 hounds
  2 iguanas
  2 orc wizards
  4 gnolls (D:8)
  5 adders
  5 shadow imps
  A white imp (D:8)
  A worm (D:2)
  A dart slug (D:1)
  31 orcs
  9 ball pythons
  5 endoplasms
  5 giant cockroaches
  12 goblins
  7 hobgoblins
  45 kobolds
  2 quokkas
  7 bats
  5 frilled lizards
  4 kobold skeletons (D:9)
  14 kobold zombies (D:9)
  6 rats
238 creatures vanquished.

Vanquished Creatures (others)
  45 fungi (D:9)
  39 plants (D:9)
84 creatures vanquished.

Grand Total: 322 creatures vanquished

Notes
Turn   | Place    | Note
-------+----------+-------------------------------------------
     0 | D:5      | Esekla the Octopode Delver began the quest for the Orb.
     0 | D:5      | Reached XP level 1. HP: 16/16 MP: 1/1
    32 | D:5      | Found an opulent altar of Gozag.
    41 | D:5      | Noticed Eustachio
    45 | D:5      | Became a worshipper of Gozag Ym Sagoz the Greedy
   338 | D:4      | Noticed a bullfrog
   433 | D:4      | Reached XP level 2. HP: 21/21 MP: 2/2
   440 | D:5      | Noticed a howler monkey
   449 | D:5      | Killed a howler monkey
   450 | D:5      | Reached skill level 7 in Stealth
   450 | D:5      | Reached XP level 3. HP: 10/26 MP: 2/4
   474 | D:5      | Reached skill level 1 in Spellcasting
   474 | D:5      | Reached XP level 4. HP: 8/31 MP: 5/5
   842 | D:4      | Identified the ring of the Sunfish {Will- Str+6 Int+6
                  | Dex+6}
   918 | D:4      | Found a staircase to the Ecumenical Temple.
  1123 | D:3      | Reached XP level 5. HP: 36/36 MP: 6/6
  1249 | D:3      | Found a stormy altar of Qazlal.
  1725 | D:1      | Reached skill level 8 in Stealth
  3147 | D:3      | Found a hazy altar of Hepliaklqana.
  3200 | D:4      | Reached XP level 6. HP: 43/43 MP: 8/8
  3495 | D:5      | Noticed Edmund
  3712 | D:4      | Killed Eustachio
  3713 | D:4      | Reached skill level 9 in Stealth
  3713 | D:4      | Reached XP level 7. HP: 38/48 MP: 8/10
  3875 | D:5      | Learned a level 3 spell: Vampiric Draining
  3923 | D:5      | Reached skill level 1 in Short Blades
  4754 | D:6      | Bought a scroll labelled QIDEEBB UBBI for 29 gold pieces
  4754 | D:6      | Bought a silvery potion for 26 gold pieces
  4857 | D:7      | Reached skill level 1 in Necromancy
  4868 | D:7      | Reached XP level 8. HP: 17/54 MP: 10/12
  5204 | D:7      | Reached skill level 5 in Long Blades
  5211 | D:7      | HP: 2/49 [wight/+0 hand axe (5)]
  5641 | D:7      | Found a radiant altar of Vehumet.
  5876 | D:7      | Reached skill level 5 in Fighting
  5882 | D:7      | Reached XP level 9. HP: 50/61 MP: 12/14
  6139 | D:6      | Reached skill level 5 in Dodging
  6352 | D:6      | Found a runed translucent gate.
  6353 | D:6      | Found a runed translucent gate.
  6353 | D:6      | Noticed qeuew's ghost (novice MfGl)
  6354 | D:6      | Found a runed translucent gate.
  6356 | D:6      | Identified the +4 plate armour of the Blacksmith {rElec
                  | SInv}
  6369 | D:6      | Found the +3 pair of mountain boots {steadfast, rC+}
  7262 | D:8      | Reached skill level 1 in Throwing
  8148 | D:9      | Noticed an orange demon
  8150 | D:9      | Noticed Amaemon
  8152 | D:9      | Noticed a two-headed ogre
  8240 | D:9      | Found a flagged portal.
  8270 | Bailey   | Entered a bailey
  8556 | Bailey   | Reached XP level 10. HP: 48/68 MP: 17/17
  8946 | Bailey   | Reached skill level 5 in Spellcasting
  9037 | Bailey   | Identified the +1 cloak "Askoumae" {Stlth+}
  9436 | D:9      | Noticed a kobold demonologist
  9449 | D:9      | Killed a kobold demonologist
  9726 | D:9      | Found an ancient bone altar of Kikubaaqudgha.
  9793 | D:9      | Found the +5 scythe "Finisher" {speed, eviscerate}
  9801 | D:9      | HP: 3/69 [fire bat (6)]
  9801 | D:9      | Slain by a fire bat

Illustrated notes

Levels and vault maps discovered:
D:1:      matt_arrival_los_fun, layout_basic, hangedman_decor_growths
D:2:      layout_basic
D:3:      layout_basic, grunt_qazlal_clouds, worldfamousw_hep_ancestral_shrine,
          grunt_decor_resistance
D:4:      layout_layer_cave, minmay_temple_entry_ruins
D:5:      layout_loops_ring, nicolae_overflow_crystal_walls, uniq_edmund,
          uniq_eustachio
D:6:      layout_rooms, biasface_ghost_orc_armoury
D:7:      layout_basic, mainiacjoe_overflow_small_starburst
D:8:      layout_basic, grunt_ministairs_3
D:9:      wander_kiku_kobolds, layout_basic, due_lair_maze_entry_diamond,
          enter_bailey_3, hangedman_incinerator, uniq_amaemon

Skill      XL: |  1  2  3  4  5  6  7  8  9 10 |
---------------+-------------------------------+-----
Stealth        | 7 8 9 |  9.2
Spellcasting   | 1 2 3 4 6 |  6.0
Long Blades    | 3 4 6 7 8 |  8.2
Dodging        | 3 4 5 |  5.9
Fighting       | 4 5 6 |  6.3
Short Blades   | 1 2 |  2.3
Necromancy     | 1 2 4 |  4.8
Throwing       | 1 |  1.5

Action                     |  1- 3 |  4- 6 |  7- 9 | 10-12 || total
---------------------------+-------+-------+-------+-------++-------
  Melee: Falchion          |    21 |    34 |       |       ||    55
         Constrict         |     3 |    27 |    53 |    47 ||   130
         Tentacles         |     2 |    24 |    49 |    35 ||   110
         Punch             |     1 |     1 |     5 |     1 ||     8
         Dagger            |       |    50 |    14 |     1 ||    65
         Long sword        |       |    30 |   167 |   120 ||   317
  Throw: Boomerang         |       |     1 |    16 |       ||    17
         Dart              |       |       |     9 |     2 ||    11
   Cast: Vampiric Draining |       |       |    22 |    11 ||    33
 Invoke: Call Merchant     |       |       |     1 |       ||     1
    Use: Scroll            |     2 |       |    10 |     3 ||    15
         Potion            |       |       |     6 |       ||     6
   Stab: Sleeping          |     3 |    31 |    10 |     1 ||    45
         Distracted        |       |     1 |     3 |     3 ||     7
 Armour: Skin              |       |     8 |     7 |     1 ||    16
  Dodge: Dodged            |    14 |    52 |   172 |    90 ||   328

Table legend: (Time is in decaauts)
 A = Elapsed time spent in this place.
 B = Non-inter-level travel time spent in this place.
 C = Inter-level travel time spent in this place.
 D = Time resting spent in this place.
 E = Time spent auto-exploring this place.
 F = Levels seen in this place.
 G = Mean time per level.
                   A        B        C        D        E       F      G
               +--------+--------+--------+--------+--------+-----+--------+
         Total |   9812 |   9544 |    268 |   2024 |   2751 |  10 |  981.2 |
       Dungeon |   8857 |   8589 |    268 |   1568 |   2693 |   9 |  984.1 |
        Bailey |    954 |    954 |      0 |    456 |     58 |   1 |  954.0 |
               +--------+--------+--------+--------+--------+-----+--------+

Top non-repeatable levels by time:
     D:8: 1394 daAuts
     D:7: 1334 daAuts
     D:5: 1325 daAuts
     D:4: 1026 daAuts
  Bailey: 954 daAuts
     D:3: 905 daAuts
     D:9: 805 daAuts
     D:1: 800 daAuts
     D:6: 671 daAuts
     D:2: 594 daAuts
